 Dungeon Crawl Stone Soup version 0.22-a0-358-g7563fe7 (webtiles) character file.

15142 Amnesiac the Reanimator (level 11, -3/79 HPs)
             Began as a Mummy Necromancer on Apr 18, 2018.
             Was an Elder of Sif Muna.
             Slain by an ettin
             ... wielding a +0 dire flail
              (13 damage)
             ... on level 2 of the Orcish Mines.
             The game lasted 00:30:52 (13382 turns).

Amnesiac the Reanimator (Mummy Necromancer)        Turns: 13382, Time: 00:30:52

Health: -3/79      AC: 26    Str: 15    XL:     11   Next: 98%
Magic:  20/24      EV: 11    Int: 28    God:    Sif Muna [****..]
Gold:   867        SH:  0    Dex: 13    Spells: 25/29 levels left

rFire    x . .     SeeInvis .   a - +3 mace "Kuethyabb" {speed, +Blink MR+}
rCold    + . .     Gourm    .   (no shield)
rNeg     + + +     Faith    .   g - +8 chain mail "Pizuen" {rElec rN+ Slay+2}
rPois    ∞         Spirit   .   i - +0 helmet "Geudiybiel" {Regen+ Str+3 Int+7}
rElec    +         Reflect  .   f - +0 cloak
rCorr    +         Harm     .   p - +0 pair of gloves
MR       ++...                  w - +0 pair of boots (curse)
Stlth    ..........             t - amulet of regeneration
HPRegen  1.03/turn              s - +2 ring of protection
MPRegen  0.19/turn              A - ring of Satyriasis {rCorr rPois Int+4}

@: divine energy
A: no food or potions, fire vulnerability, cold resistance 1, negative energy
resistance 3, torment resistance, unbreathing
a: Stop Divine Energy, Channel Magic, Forget Spell, Renounce Religion, Evoke
Blink


You were on level 2 of the Orcish Mines.
You worshipped Sif Muna.
Sif Muna was greatly pleased with you.
You were not hungry.

You visited 3 branches of the dungeon, and saw 15 of its levels.

You collected 867 gold pieces.

Inventory:

Hand Weapons
 a - the +3 mace "Kuethyabb" (weapon) {speed, +Blink MR+}
   (You found it on level 7 of the Dungeon)

   Attacks with this weapon are significantly faster.
   It affects your resistance to hostile enchantments.
   It lets you blink.
 b - the +2 spear of Summertime {pierce, rElec MR+}
   (You found it on level 10 of the Dungeon)

   It inflicts extra damage upon your enemies.
   It insulates you from electricity.
   It affects your resistance to hostile enchantments.
Armour
 c - the -2 hat of the Alchemist {rElec rPois rF+ rC+ rN+ MR+ rMut rCorr}
   (You found it on level 5 of the Dungeon)

   It protects you from fire.
   It protects you from cold.
   It insulates you from electricity.
   It protects you from poison.
   It protects you from negative energy.
   It affects your resistance to hostile enchantments.
   It protects you from acid and corrosion.
   It protects you from mutation.
 f - a +0 cloak (worn)
 g - the +8 chain mail "Pizuen" (worn) {rElec rN+ Slay+2}
   (You found it on level 4 of the Dungeon)

   It affects your accuracy and damage with ranged weapons and melee attacks
   (+2).
   It insulates you from electricity.
   It protects you from negative energy.
 i - the +0 helmet "Geudiybiel" (worn) {Regen+ Str+3 Int+7}
   (You found it on level 4 of the Dungeon)

   It affects your strength (+3).
   It affects your intelligence (+7).
   It increases your rate of regeneration.
 p - a +0 pair of gloves (worn)
 w - a cursed +0 pair of boots (worn)
 z - the +9 ring mail of Inaction {rElec Str+9}
   (You found it on level 11 of the Dungeon)

   It affects your strength (+9).
   It insulates you from electricity.
Jewellery
 e - an uncursed ring of wizardry
 s - a +2 ring of protection (left hand)
 t - an amulet of regeneration (around neck)
 A - the ring of Satyriasis (right hand) {rCorr rPois Int+4}
   (You found it on level 12 of the Dungeon)

   [ring of resist corrosion]

   It affects your intelligence (+4).
   It protects you from poison.
Wands
 h - a wand of acid (5)
 m - a wand of random effects (42)
 v - a wand of polymorph (19)
Scrolls
 d - a scroll of magic mapping {!r}
 j - 9 scrolls of teleportation {!r}
 k - 4 scrolls of identify {!r}
 l - a scroll of summoning {!r}
 n - 2 scrolls of enchant weapon {!r}
 o - 4 scrolls of remove curse {!r}
 q - 2 scrolls of amnesia {!r}
 r - 2 scrolls of immolation {!r}
 u - a scroll of fear {!r}
 x - a scroll of fog {!r}
 y - a scroll of noise {!r, unknown}
 B - a scroll of vulnerability {!r, unknown}


   Skills:
 - Level 5.0 Fighting
 - Level 7.4 Armour
 - Level 9.5 Dodging
 - Level 1.5 Stealth
 + Level 9.6 Spellcasting
 * Level 10.0 Necromancy
 + Level 3.5 Invocations


You had 25 spell levels left.
You knew the following spells:

 Your Spells              Type           Power        Failure   Level  Hunger
a - Vampiric Draining     Necr           ######....   3%          3    N/A
d - Pain                  Necr           ####         1%          1    N/A

Dungeon Overview and Level Annotations

Branches:
Dungeon (12/15)            Temple (1/1) D:6            Lair (0/6) D:9
    Orc (2/2) D:10
    Elf: Orc:2

Altars:
Ashenzari
Cheibriados
Dithmenos
Elyvilon
Fedhas
Gozag
Hepliaklqana
Kikubaaqudgha
Makhleb
Nemelex Xobeh
Okawaru
Qazlal
Ru
Sif Muna
Trog
Uskayaw
Vehumet
Wu Jian
Xom
Yredelemnul
Zin
The Shining One

Shops:
D:4 (   D:12 =

Portals:
Ice
Cave: Orc:2


Innate Abilities, Weirdness & Mutations

You do not eat or drink.
Your flesh is vulnerable to fire.
You are immune to poison.
Your flesh is cold resistant. (rC+)
You are immune to negative energy. (rN+++)
You are immune to unholy pain and torment.
You can survive without breathing.


Message History

The ice beast hits you but does no damage. x2
You sock the ice beast!
You kill the ice beast!
Sif Muna accepts your kill. The ice beast closely misses you.
You hit the ice beast.
The ice beast is lightly wounded.
The ice beast hits you but does no damage.
You hit the ice beast.
The ice beast is moderately wounded.
The ice beast closely misses you.
You closely miss the ice beast.
The ice beast is moderately wounded.
The ice beast hits you but does no damage.
You closely miss the ice beast.
The ice beast is moderately wounded.
The ice beast closely misses you.
You sock the ice beast!
The ice beast is severely wounded.
The ice beast closely misses you.
You completely miss the ice beast.
The ice beast is severely wounded.
You hit the ice beast.
The ice beast is severely wounded.
You hear two shouts!
The ice beast hits you but does no damage.
You hear a shout! x2
An ettin comes into view. It is wielding two dire flails.
You closely miss the ice beast.
The ice beast is severely wounded.
The ice beast hits you but does no damage.
The ettin moves out of view.
An orc warrior comes into view. It is wielding a battleaxe.
You hit the ice beast.
You kill the ice beast!
Sif Muna accepts your kill.
Your Necromancy skill increases to level 10!
The orc warrior moves out of view.
An ice beast comes into view.
Evoke which item? (* to show all) (? for menu, Esc to quit)
Aiming: Corrosive Bolt
Press: ? - help, Shift-Dir - straight line, f - ettin
Aim: an ettin, wielding two dire flails The bolt of acid hits the ettin.
The ettin is splashed with acid.
The acid corrodes the ettin!
The ettin is moderately wounded.
The ice beast moves out of view.
The ettin hits you with a dire flail! The ettin hits you with a dire flail!!
* * * LOW HITPOINT WARNING * * *
You hear a shout!
An orc priest and an orc wizard come into view.
The orc wizard shouts!
The orc priest shouts!
The orc warrior barely misses you.
An orc comes into view. It is wielding a flail.
The orc priest hits you but does no damage.
The orc wizard closely misses you.
The orc warrior hits you with a battleaxe.
* * * LOW HITPOINT WARNING * * *
You closely miss the orc priest.
The orc priest hits you but does no damage.
The ettin hits you with a dire flail!!
* * * LOW HITPOINT WARNING * * *
The ettin hits you with a dire flail!
You die...

.. ...... ......
...... ......#####
... #...[)<# ....
#.o..[)# #
....####$.o.(#<#
.......#.o@...####
.......##oC......#
....∩..#......#.##
.......#Y.....###
.....Y......###
#...........#
##.........##
##........#
##....####


You could see an ettin, an orc warrior, an ice beast, an orc priest, an orc
wizard and an orc.

Vanquished Creatures
  An orc knight (Orc:1)
  Pikel (D:7)
  An orc sorcerer (Orc:1)
  2 ugly things
  3 trolls
  A queen bee (D:10)
  A hippogriff (D:11)
  A meliai zombie (D:10)
  3 hungry ghosts (D:10)
  9 yaks (D:10)
  2 wargs (Orc:1)
  Edmund (D:6)
  Menkaure (D:7)
  2 vampire mosquitoes (D:12)
  2 water moccasins
  Duvessa (D:6)
  12 orc warriors
  9 ice beasts
  3 phantoms
  A necrophage (D:9)
  5 sky beasts
  A black bear (D:6)
  9 ogres
  3 centaurs
  4 big kobolds
  2 wyvern zombies
  8 bullfrogs
  Dowan (D:6)
  5 scorpions
  19 killer bees
  5 wights (D:8)
  3 electric eels (D:10)
  7 howler monkeys
  4 centaur zombies
  7 crimson imps
  4 quasits
  Crazy Yiuf (D:7)
  2 jellies
  2 centaur skeletons
  23 orc wizards
  8 orc priests
  7 hounds
  6 iguanas
  A bullfrog skeleton (D:10)
  Natasha (twice) (D:4)
  10 worker ants
  Terence (D:2)
  2 killer bee zombies
  Robin (D:2)
  A worker ant zombie (D:11)
  5 gnolls
  12 adders
  2 shadow imps
  4 oozes
  An adder zombie (D:5)
  An adder skeleton (D:8)
  2 worms
  4 dart slugs
  4 leopard geckos
  50 orcs
  A ball python (D:1)
  2 giant cockroaches
  24 goblins
  7 hobgoblins
  21 jackals
  26 kobolds
  9 quokkas
  11 bats
  7 frilled lizards
  A giant cockroach zombie (D:6)
  A jackal zombie (D:6)
  A leopard gecko skeleton (D:5)
  A quokka skeleton (D:4)
  A quokka zombie (D:8)
  10 rats
419 creatures vanquished.

Vanquished Creatures (others)
  A necrophage (D:7)
  3 orcs
4 creatures vanquished.

Grand Total: 423 creatures vanquished

Notes
Turn   | Place    | Note
-------+----------+-------------------------------------------
     0 | D:1      | Amnesiac the Mummy Necromancer began the quest for the Orb.
     0 | D:1      | Reached XP level 1. HP: 13/13 MP: 4/4
    41 | D:1      | Reached XP level 2. HP: 7/20 MP: 0/5
   325 | D:2      | Reached skill level 1 in Fighting
   325 | D:2      | Reached XP level 3. HP: 18/26 MP: 2/7
   330 | D:2      | Learned a level 3 spell: Vampiric Draining
   384 | D:2      | Noticed Terence
   405 | D:2      | Killed Terence
   572 | D:2      | Reached XP level 4. HP: 32/32 MP: 2/9
  1175 | D:3      | Reached XP level 5. HP: 33/38 MP: 4/10
  1538 | D:4      | Got an encrusted chain mail
  1577 | D:4      | Got a polished helmet
  1583 | D:4      | Identified the +0 helmet "Geudiybiel" {Regen+ Str+3 Int+7} (You found it on level 4 of the Dungeon)
  1639 | D:4      | Identified the +8 chain mail "Pizuen" {rElec rN+ Slay+2} (You found it on level 4 of the Dungeon)
  1725 | D:4      | Found Peghobum's Weapon Boutique.
  1878 | D:4      | Noticed an ogre
  1884 | D:4      | Killed an ogre
  1884 | D:4      | Reached XP level 6. HP: 23/46 MP: 12/12
  1926 | D:4      | Reached skill level 5 in Necromancy
  2101 | D:4      | Noticed Natasha
  2109 | D:4      | Killed Natasha
  2342 | D:4      | Noticed Natasha
  2362 | D:4      | Killed Natasha
  2509 | D:5      | Entered Level 5 of the Dungeon
  2619 | D:4      | Reached XP level 7. HP: 47/55 MP: 13/13
  2751 | D:5      | Reached skill level 5 in Fighting
  2782 | D:5      | Reached skill level 5 in Dodging
  2929 | D:5      | Found a sacrificial altar of Ru.
  2973 | D:5      | Reached XP level 8. HP: 44/62 MP: 4/14
  3336 | D:5      | Found the -2 hat of the Alchemist {rElec rPois rF+ rC+ rN+ MR+ rMut rCorr}
  3779 | D:6      | Noticed Duvessa
  3779 | D:6      | Noticed Dowan
  3800 | D:6      | Killed Duvessa
  3831 | D:6      | Killed Dowan
  3831 | D:6      | Reached skill level 1 in Armour
  4029 | D:6      | Reached XP level 9. HP: 58/68 MP: 15/15
  4119 | D:6      | Found a staircase to the Ecumenical Temple.
  4163 | Temple   | Entered the Ecumenical Temple
  4275 | Temple   | Became a worshipper of Sif Muna the Loreminder
  4425 | D:6      | Noticed Edmund
  4474 | D:6      | Killed Edmund
  5700 | D:2      | Noticed Robin
  5713 | D:2      | Killed Robin
  5745 | D:2      | Reached skill level 6 in Necromancy
  6679 | D:7      | Noticed Pikel
  6712 | D:7      | Killed Pikel
  6712 | D:7      | Reached skill level 5 in Armour
  6926 | D:7      | Noticed Menkaure
  6937 | D:7      | Reached skill level 5 in Spellcasting
  6946 | D:7      | Killed Menkaure
  7170 | D:7      | Reached * piety under Sif Muna
  7255 | D:7      | Found a runed door.
  7418 | D:7      | Noticed Crazy Yiuf
  7428 | D:7      | Killed Crazy Yiuf
  7432 | D:7      | Got a jewelled mace
  7433 | D:7      | Identified the cursed +3 mace "Kuethyabb" {speed, +Blink MR+} (You found it on level 7 of the Dungeon)
  7553 | D:8      | Reached skill level 7 in Necromancy
  7686 | D:8      | Reached XP level 10. HP: 74/74 MP: 19/19
  7706 | D:8      | Found an ornate altar of the Wu Jian Council.
  8579 | D:9      | Reached skill level 8 in Necromancy
  8769 | D:9      | Reached ** piety under Sif Muna
  8912 | D:9      | Found a staircase to the Lair.
  9068 | D:10     | Entered Level 10 of the Dungeon
  9240 | D:10     | Reached skill level 1 in Invocations
  9258 | D:10     | Got a crude spear
  9259 | D:10     | Identified the +2 spear of Summertime {pierce, rElec MR+} (You found it on level 10 of the Dungeon)
  9476 | D:10     | Reached *** piety under Sif Muna
  9494 | D:10     | Reached skill level 9 in Necromancy
  9659 | D:10     | Reached XP level 11. HP: 79/79 MP: 24/24
 10542 | D:10     | Found a staircase to the Orcish Mines.
 10868 | D:11     | Noticed a purple ugly thing
 10895 | D:11     | Killed a purple ugly thing
 10963 | D:11     | Reached **** piety under Sif Muna
 11341 | D:11     | Got a distressingly furry ring mail
 11352 | D:11     | Identified the +9 ring mail of Inaction {rElec Str+9} (You found it on level 11 of the Dungeon)
 11802 | D:12     | Found Illitar's Jewellery Shop.
 11935 | D:12     | Noticed a green ugly thing
 11960 | D:12     | Killed a green ugly thing
 12161 | D:12     | Got an ancient turquoise ring
 12219 | D:12     | Identified the ring of Satyriasis {rCorr rPois Int+4} (You found it on level 12 of the Dungeon)
 12686 | Orc:1    | Entered Level 1 of the Orcish Mines
 12836 | Orc:2    | Entered Level 2 of the Orcish Mines
 12838 | Orc:2    | Noticed an orc knight
 13013 | Orc:1    | Killed an orc knight
 13137 | Orc:2    | Noticed an orc sorcerer
 13140 | Orc:2    | Noticed a soul eater
 13287 | Orc:1    | Killed an orc sorcerer
 13345 | Orc:2    | Found a frozen archway.
 13376 | Orc:2    | Noticed an ettin
 13377 | Orc:2    | Reached skill level 10 in Necromancy
 13382 | Orc:2    | Slain by an ettin

Vault maps used:
D:1:      lightli_arrival_maybe_door_vault
D:2:      first_ration, kennysheep_generic_room_6, uniq_terence, uniq_robin
D:3:      minmay_misc_feat_diagonals
D:4:      serial_shops, kennysheep_little_box, uniq_natasha
D:5:      st_stairs_9, nicolae_ru_great_annihilating_truth
D:6:      minmay_temple_entry_butterflies, nicolae_sextant, uniq_edmund,
          uniq_duvessa
D:7:      uniq_pikel, uniq_menkaure, uniq_crazy_yiuf_cottage
D:8:      lemuel_doored_altar
D:9:      lair_entry_dummy
D:10:     erik_orc_2, david_nohive_1, feat_on_display
D:11:     minmay_misc_feat_columns, small_statue_intersection
D:12:     serial_shops, shop
Temple:   kilobyte_greek_temple
Orc:1:    serial_shops, nicolae_shop_crystal, elf_legates
Orc:2:    grunt_orc_tribal_feast, portal_ice_cave_entry_ice_beasts

Skill      XL: |  1  2  3  4  5  6  7  8  9 10 11 |
---------------+----------------------------------+-----
Dodging        | 2 3 4 5 7 9 |  9.5
Spellcasting   | 3 4 6 9 |  9.6
Fighting       | 1 2 4 5 |  5.0
Necromancy     | 5 7 9 10 | 10.0
Armour         | 2 5 6 7 |  7.4
Invocations    | 2 3 |  3.5
Stealth        | |  1.5

Action                   |  1- 3 |  4- 6 |  7- 9 | 10-12 || total
-------------------------+-------+-------+-------+-------++-------
Melee: Long sword        |       |   126 |   727 |       ||   853
       Mace              |       |       |    57 |  1304 ||  1361
 Cast: Pain              |    35 |    60 |     1 |     8 ||   104
       Vampiric Draining |       |     1 |    15 |    61 ||    77
Invok: Divine Energy     |       |       |       |     2 ||     2
       Stop Divine Energ |       |       |       |     1 ||     1
Evoke: Wand              |       |       |     3 |     5 ||     8
  Use: Scroll            |       |     1 |    10 |     2 ||    13
 Stab: Paralysed         |       |       |     9 |       ||     9
Armor: Robe              |     4 |     5 |       |       ||     9
       Chain mail        |       |   105 |   836 |  1026 ||  1967
       Ring mail         |       |       |       |    27 ||    27
Dodge: Dodged            |    10 |    94 |   555 |   816 ||  1475
       Rpst.: Long sword |       |    34 |   168 |       ||   202

Table legend:
 A = Spawn XP
 B = Non-spawn XP
 C = Spawn XP percentage of total XP
 D = Spawn monster count
 E = Non-spawn monster count
 F = Spawn count percentage of total count
 G = Total turns spent on level
                    A         B        C        D         E        F      G
               +---------+---------+-------+---------+---------+-------+---------
         Total |       0 |   21632 |   0.0 |       0 |     419 |   0.0 | 13382
               +---------+---------+-------+---------+---------+-------+---------
           D:1 |       0 |      57 |   0.0 |       0 |      26 |   0.0 |  1052
           D:2 |       0 |     267 |   0.0 |       0 |      53 |   0.0 |  1264
           D:3 |       0 |     144 |   0.0 |       0 |      29 |   0.0 |  1005
           D:4 |       0 |     577 |   0.0 |       0 |      20 |   0.0 |  1155
           D:5 |       0 |    1158 |   0.0 |       0 |      28 |   0.0 |  1016
           D:6 |       0 |    1389 |   0.0 |       0 |      26 |   0.0 |  1029
           D:7 |       0 |    1428 |   0.0 |       0 |      24 |   0.0 |   795
           D:8 |       0 |    1717 |   0.0 |       0 |      45 |   0.0 |  1009
           D:9 |       0 |     783 |   0.0 |       0 |      13 |   0.0 |   590
          D:10 |       0 |    6262 |   0.0 |       0 |      78 |   0.0 |  1659
          D:11 |       0 |    1679 |   0.0 |       0 |      18 |   0.0 |  1074
          D:12 |       0 |    2182 |   0.0 |       0 |      29 |   0.0 |   923
         Orc:1 |       0 |    2906 |   0.0 |       0 |      17 |   0.0 |   528
         Orc:2 |       0 |    1083 |   0.0 |       0 |      13 |   0.0 |   130
               +---------+---------+-------+---------+---------+-------+---------
